Map: [ESL] Site Delta

Players

FoxeR

  • Race: Terran Terran
  • Spawn Location: 5:00

SKillous - Winner!

  • Race: Protoss Protoss
  • Spawn Location: 11:00

Event: ESL SC2 Masters 2023 Winter (Finals)

VOD

Have the link to the VOD?

Description

Time

  • Played on: Dec. 15, 2023, 10:02 a.m.
  • Length: 8:10

All games in this series

Show
View Real Time Build Order
Export as new Build Order

FoxeR Terran 

Build Orders: Reaper Expand 

Get SALT Encoding   

  12  0:00  SCV  
  13  0:12  SCV  
  14  0:17  Supply Depot  
  14  0:24  SCV  
  15  0:38  SCV  
  15  0:41  Barracks  
  16  0:46  Refinery  
  16  0:50  SCV  
  17  1:03  SCV  
  18  1:18  SCV  
  19  1:30  Reaper  
  19  1:34  Orbital Command  
  19  1:48  Command Center  
  19  1:57  Supply Depot  
  19  2:00  SCV  
  20  2:02  Marine  
  21  2:12  SCV  
  21  2:13  Factory  
  22  2:20  Refinery  
  22  2:21  Marine  
  23  2:27  SCV  
  24  2:32  Bunker  
  24  2:39  SCV  
  25  2:44  Barracks Reactor  
  25  2:51  SCV  
  26  2:59  Hellion, Starport  
  28  3:06  SCV  
  28  3:07  Orbital Command  
  29  3:18  SCV  
  30  3:24  Widow Mine, Marine x2  
  34  3:30  SCV  
  35  3:35  SCV  
  35  3:39  Medivac  
  37  3:42  Barracks  
  37  3:43  SCV  
  37  3:45  Marine x2  
  42  3:48  Widow Mine  
  42  3:50  SCV  
  42  3:54  Supply Depot  
  43  4:01  SCV  
  42  4:03  SCV, Marine x2  
  45  4:10  Supply Depot  
  45  4:13  Starport Tech Lab, SCV  
  45  4:16  SCV  
  47  4:17  Factory Tech Lab  
  47  4:20  Marine  
  47  4:21  Marine  
  47  4:22  Engineering Bay  
  49  4:25  SCV  
  49  4:26  Refinery  
  49  4:28  SCV  
  52  4:37  Siege Tank  
  54  4:38  SCV  
  54  4:41  SCV  
  54  4:42  Marine  
  54  4:44  Stimpack, Marine  
  54  4:45  Marine  
  58  4:51  Barracks  
  59  4:53  SCV  
  59  4:57  SCV  
  59  4:58  Supply Depot  
  59  4:59  Marine  
  60  5:02  Marine  
  62  5:12  SCV x2  
  62  5:13  Starport Reactor, Marine  
  61  5:16  Terran Infantry Weapons Level 1  
  61  5:17  Marine  
  61  5:20  Siege Tank  
  65  5:23  Marine  
  65  5:24  Supply Depot, SCV  
  65  5:25  SCV  
  68  5:31  Refinery  
  70  5:36  Marauder  
  70  5:40  Supply Depot  
  70  5:45  SCV x2, Marine  
  70  5:47  Marine  
  74  5:50  Medivac x2  
  74  5:55  Supply Depot  
  78  5:58  Combat Shield  
  78  6:01  Marauder, SCV x2  
  78  6:02  Marauder  
  78  6:03  Supply Depot, Marine  
  85  6:06  Factory Reactor  
  85  6:10  Marine  
  86  6:14  Supply Depot  
  84  6:21  Marine  
  84  6:23  Medivac, Marauder x2  
  91  6:29  Concussive Shells, Marine  
  92  6:36  Medivac  
  92  6:39  Command Center, SCV x2  
  95  6:47  Marine  
  95  6:48  Widow Mine, Marauder x2, Marine  
  95  6:49  Widow Mine  
  103  6:56  Barracks  
  103  6:58  Barracks  
  103  7:00  SCV x2  
  105  7:05  Supply Depot  
  101  7:17  Marine  
  101  7:18  Marauder  
  100  7:28  Marauder  
  100  7:29  Widow Mine x2  
  98  7:33  SCV x2  
  98  7:34  Marine  
  77  7:44  Marine  
  77  7:45  SCV, Marauder  
  50  7:59  Missile Turret  
Show
View Real Time Build Order
Export as new Build Order

SKillous Protoss - Winner!

Build Orders: 1 Gate Expand, Blink Stalkers 

Get SALT Encoding   

  12  0:00  Probe  
  13  0:12  Probe  
  14  0:18  Pylon  
  14  0:25  Probe  
  15  0:37  Gateway  
  15  0:38  Probe (Chrono Boost)  
  16  0:45  Assimilator  
  16  0:48  Probe (Chrono Boost)  
  17  0:53  Probe  
  18  1:05  Probe  
  19  1:18  Probe  
  20  1:24  Cybernetics Core  
  20  1:34  Nexus  
  20  1:40  Pylon  
  20  1:43  Probe  
  21  1:49  Assimilator  
  21  1:56  Probe  
  21  1:57  Adept (Chrono Boost)  
  21  2:00  Warp Gate  
  24  2:08  Probe  
  25  2:17  Adept (Chrono Boost)  
  25  2:20  Probe  
  28  2:29  Twilight Council  
  28  2:32  Probe  
  29  2:40  Stalker  
  31  2:46  Probe (Chrono Boost)  
  33  2:51  Probe (Chrono Boost)  
  33  2:56  Probe (Chrono Boost)  
  35  2:59  Probe (Chrono Boost)  
  35  3:01  Blink (Chrono Boost), Probe (Chrono Boost)  
  34  3:10  Probe  
  34  3:11  Gateway  
  35  3:13  Probe  
  36  3:22  Probe  
  36  3:24  Robotics Facility  
  36  3:25  Probe  
  38  3:34  Probe  
  40  3:46  Probe, Pylon  
  40  3:47  Nexus  
  40  3:51  Probe  
  41  3:58  Probe, Stalker  
  44  4:06  Stalker  
  44  4:07  Probe  
  44  4:08  Pylon  
  47  4:10  Probe  
  47  4:11  Observer  
  47  4:13  Assimilator  
  49  4:19  Probe, Forge  
  49  4:22  Probe  
  51  4:24  Stalker  
  51  4:30  Stalker, Pylon  
  55  4:33  Probe  
  55  4:36  Probe  
  55  4:37  Observer  
  59  4:45  Probe  
  59  4:48  Probe  
  59  4:50  Charge  
  60  4:53  Protoss Ground Weapons Level 1 (Chrono Boost)  
  60  4:57  Probe  
  59  5:00  Probe  
  59  5:01  Gateway  
  59  5:02  Gateway  
  59  5:03  Probe  
  61  5:11  Probe (Chrono Boost)  
  59  5:15  Probe x2 (Chrono Boost)  
  60  5:24  Gateway  
  60  5:25  Gateway  
  60  5:27  Probe (Chrono Boost)  
  60  5:28  Probe (Chrono Boost)  
  63  5:29  Probe (Chrono Boost)  
  63  5:33  Probe (Chrono Boost)  
  63  5:34  Probe  
  63  5:35  Observer, Gateway  
  66  5:36  Gateway  
  66  5:39  Pylon  
  66  5:41  Probe  
  67  5:45  Probe  
  67  5:48  Probe  
  69  5:51  Sentry x2  
  69  5:53  Probe  
  74  5:57  Warp Prism (Chrono Boost), Pylon  
  74  6:01  Observer, Pylon  
  76  6:08  Dark Shrine  
  76  6:09  Zealot x2  
  76  6:10  Pylon  
  80  6:12  Shield Battery  
  80  6:18  Shield Battery  
  80  6:26  Stalker  
  80  6:27  Stalker x3  
  80  6:31  Probe  
  89  6:32  Assimilator  
  89  6:34  Pylon  
  89  6:39  Zealot x4  
  97  6:56  Shield Battery  
  97  6:57  Zealot x3, Pylon  
  97  6:58  Zealot  
  105  7:02  Zealot x3  
  105  7:06  Zealot  
  111  7:18  Zealot x4, Immortal (Chrono Boost)  
  121  7:23  Dark Templar  
  121  7:25  Dark Templar  
  117  7:30  Dark Templar  
  117  7:34  Dark Templar  
  113  7:41  Zealot x4  
  104  7:45  Probe x2  
  104  7:47  Probe  
  100  7:52  Shield Battery  
  100  7:57  Probe x2  
  100  8:03  Zealot x4  
  105  8:05  Zealot x2  
  105  8:06  Zealot  
Tags
 
Add a new tag
Caveats
  • Supply blocks, unpowered buildings, or Contaminate may cause inaccurate times.
  • Supply counts are checked every 10 seconds.